TOP OF THE 1ST |
Amarillo ThunderHeads batting - Pitching for Miami Beach Marlins : RHP Ryan Weedon
|
Pitching: RHP Ryan Weedon
|
|
Batting: RHB Bill Flannery
|
0-0: Foul Ball, location: 2F 0-1: Ball 1-1: Ball 2-1: Foul Ball, location: 2F 2-2: Foul Ball, location: 2F 2-2: SINGLE (Line Drive, 56D, EV 98.8 MPH)
|
Batting: SHB Tyler Romo
|
0-0: Ball 1-0: Ball 2-0: Foul Ball, location: 2F 2-1: TRIPLE (Flyball, 8LXD, EV 90.0 MPH) Bill Flannery scores
|
Batting: RHB Eric Juarez
|
0-0: Ball 1-0: Reached on error, E6 (Groundball, 56, EV 85.0 MPH) Tyler Romo scores
|
Batting: RHB Eric Camillo
|
0-0: Called Strike 0-1: Foul Ball, location: 2F 0-2: Ball 1-2: Foul Ball, location: 2F 1-2: DOUBLE (Groundball, 5L, EV 97.5 MPH) Eric Juarez scores
|
Batting: RHB Ray Travis
|
0-0: Swinging Strike 0-1: Called Strike 0-2: Strikes out looking
|
Batting: RHB Josh Shoemaker
|
0-0: Foul Ball, location: 2F 0-1: Swinging Strike 0-2: Ball 1-2: Ground out 5-3 (Groundball, 56, EV 83.1 MPH)
|
Batting: RHB Shi-fu Cuan
|
0-0: Called Strike 0-1: Foul Ball, location: 2F 0-2: Ball 1-2: Ball 2-2: Strikes out swinging
|
Top of the 1st over - 3 runs, 3 hits, 1 error, 1 left on base; Amarillo 3 - Miami Beach 0 |
BOTTOM OF THE 1ST |
Miami Beach Marlins batting - Pitching for Amarillo ThunderHeads : RHP Al Nava
|
Pitching: RHP Al Nava
|
|
Batting: RHB Hikaru Nakata
|
0-0: Ball 1-0: Called Strike 1-1: Called Strike 1-2: Ball 2-2: Ground out 3-1 (Groundball, 34, EV 81.9 MPH)
|
Batting: RHB Melvin Nava
|
0-0: Ball 1-0: Ball 2-0: Swinging Strike 2-1: Ball 3-1: Base on Balls
|
Batting: RHB Scott Talbot
|
0-0: Called Strike 0-1: Ball 1-1: Grounds into double play, 6-4-3 (Groundball, 6, EV 85.0 MPH)
|
Bottom of the 1st over - 0 runs, 0 hits, 0 errors, 0 left on base; Amarillo 3 - Miami Beach 0 |
TOP OF THE 2ND |
Amarillo ThunderHeads batting - Pitching for Miami Beach Marlins : RHP Ryan Weedon
|
Batting: LHB Tony Cisneros
|
0-0: Ground out 6-3 (Groundball, 6, EV 82.5 MPH)
|
Batting: RHB Zhong See-to
|
0-0: Ball 1-0: SINGLE (Groundball, 4S, EV 61.2 MPH) (infield hit)
|
Batting: RHB Bill Flannery
|
0-0: Ground out U3 (Groundball, 34S, EV 84.4 MPH) Zhong See-to to second
|
Batting: SHB Tyler Romo
|
0-0: Fly out, F8 (Flyball, 8RM, EV 95.6 MPH)
|
Top of the 2nd over - 0 runs, 1 hit, 0 errors, 1 left on base; Amarillo 3 - Miami Beach 0 |
BOTTOM OF THE 2ND |
Miami Beach Marlins batting - Pitching for Amarillo ThunderHeads : RHP Al Nava
|
Batting: RHB Mario Cota
|
0-0: Ball 1-0: Swinging Strike 1-1: Called Strike 1-2: Ground out 5-3 (Groundball, 56, EV 86.2 MPH)
|
Batting: SHB Emmet Brickowski
|
0-0: Ball 1-0: Ball 2-0: Ball 3-0: Base on Balls
|
Batting: RHB Kazumi Inouye
|
0-0: Ball Emmet Brickowski steals 2nd base 1-0: Fly out, F8 (Flyball, 8RD, EV 91.9 MPH)
|
Batting: RHB Jim Smallwood
|
0-0: Ball 1-0: Foul Ball, location: 2F 1-1: Foul Ball, location: 2F 1-2: Foul Ball, location: 2F 1-2: Strikes out swinging
|
Bottom of the 2nd over - 0 runs, 0 hits, 0 errors, 1 left on base; Amarillo 3 - Miami Beach 0 |
TOP OF THE 3RD |
Amarillo ThunderHeads batting - Pitching for Miami Beach Marlins : RHP Ryan Weedon
|
Batting: RHB Eric Juarez
|
0-0: Ball 1-0: Ball 2-0: Ball 3-0: Base on Balls
|
Batting: RHB Eric Camillo
|
0-0: Swinging Strike 0-1: Grounds into double play, 4-6-3 (Groundball, 4, EV 81.9 MPH)
|
Batting: RHB Ray Travis
|
0-0: SINGLE (Flyball, 89S, EV 94.4 MPH)
|
Batting: RHB Josh Shoemaker
|
0-0: Ball 1-0: Fielders Choice at 2nd, 6-4 (Groundball, 56, EV 85.0 MPH)
|
Top of the 3rd over - 0 runs, 1 hit, 0 errors, 1 left on base; Amarillo 3 - Miami Beach 0 |
BOTTOM OF THE 3RD |
Miami Beach Marlins batting - Pitching for Amarillo ThunderHeads : RHP Al Nava
|
Batting: RHB Cody Leonard
|
0-0: Called Strike 0-1: TRIPLE (Flyball, 89XD, EV 95.6 MPH)
|
Batting: LHB Henry Huezo
|
0-0: Called Strike 0-1: Foul Ball, location: 2F 0-2: Strikes out swinging
|
Batting: RHB Hikaru Nakata
|
0-0: Foul Ball, location: 2F 0-1: Ground out 5-3 (Groundball, 56, EV 103.8 MPH) Cody Leonard scores
|
Batting: RHB Melvin Nava
|
0-0: Ball 1-0: Fly out, F8 (Flyball, 8LD, EV 100.0 MPH)
|
Bottom of the 3rd over - 1 run, 1 hit, 0 errors, 0 left on base; Amarillo 3 - Miami Beach 1 |
TOP OF THE 4TH |
Amarillo ThunderHeads batting - Pitching for Miami Beach Marlins : RHP Ryan Weedon
|
Batting: RHB Shi-fu Cuan
|
0-0: Ball 1-0: Ball 2-0: Ball 3-0: Called Strike 3-1: Ground out 5-3 (Groundball, 56S, EV 73.1 MPH)
|
Batting: LHB Tony Cisneros
|
0-0: Called Strike 0-1: Fly out, F4 (Popup, 34D, EV 76.2 MPH)
|
Batting: RHB Zhong See-to
|
0-0: Called Strike 0-1: Ball 1-1: Swinging Strike 1-2: Strikes out swinging
|
Top of the 4th over - 0 runs, 0 hits, 0 errors, 0 left on base; Amarillo 3 - Miami Beach 1 |
BOTTOM OF THE 4TH |
Miami Beach Marlins batting - Pitching for Amarillo ThunderHeads : RHP Al Nava
|
Batting: RHB Scott Talbot
|
0-0: Called Strike 0-1: Swinging Strike 0-2: Ball 1-2: Ball 2-2: Ball 3-2: Foul Ball, location: 2F 3-2: Base on Balls
|
Batting: RHB Mario Cota
|
0-0: Ball 1-0: Ball 2-0: Called Strike 2-1: Swinging Strike 2-2: Strikes out swinging
|
Batting: SHB Emmet Brickowski
|
0-0: Ball Scott Talbot steals 2nd base 1-0: SINGLE (Line Drive, 9S, EV 88.8 MPH) Scott Talbot to third Runner from 3rd tries for Home, SAFE, throw by RF to home
|
Batting: RHB Kazumi Inouye
|
0-0: Swinging Strike 0-1: Ball 1-1: Grounds into double play, 3-6-3 (Groundball, 3, EV 109.4 MPH)
|
Bottom of the 4th over - 1 run, 1 hit, 0 errors, 0 left on base; Amarillo 3 - Miami Beach 2 |
TOP OF THE 5TH |
Amarillo ThunderHeads batting - Pitching for Miami Beach Marlins : RHP Ryan Weedon
|
Batting: RHB Bill Flannery
|
0-0: SINGLE (Groundball, 6MD, EV 96.9 MPH)
|
Batting: SHB Tyler Romo
|
0-0: Called Strike 0-1: Swinging Strike 0-2: Strikes out swinging
|
Batting: RHB Eric Juarez
|
0-0: Ball 1-0: SINGLE (Line Drive, 89M, EV 100.6 MPH) Bill Flannery to second
|
Batting: RHB Eric Camillo
|
0-0: Ball 1-0: Ball 2-0: Foul Ball, location: 2F 2-1: Ball 3-1: Called Strike 3-2: Base on Balls Bill Flannery to third Eric Juarez to second
|
Batting: RHB Ray Travis
|
0-0: Called Strike 0-1: Ball 1-1: Swinging Strike 1-2: Strikes out swinging
|
Batting: RHB Josh Shoemaker
|
0-0: Ball 1-0: Foul Ball, location: 2F 1-1: Ball 2-1: Ball 3-1: Base on Balls Bill Flannery scores Eric Juarez to third Eric Camillo to second
|
Batting: RHB Shi-fu Cuan
|
0-0: Called Strike 0-1: Foul Ball, location: 2F 0-2: Strikes out swinging
|
Top of the 5th over - 1 run, 2 hits, 0 errors, 3 left on base; Amarillo 4 - Miami Beach 2 |
BOTTOM OF THE 5TH |
Miami Beach Marlins batting - Pitching for Amarillo ThunderHeads : RHP Al Nava
|
Batting: RHB Jim Smallwood
|
0-0: Foul Ball, location: 2F 0-1: Ball 1-1: Foul Ball, location: 2F 1-2: Strikes out looking
|
Batting: RHB Cody Leonard
|
0-0: SINGLE (Groundball, 34D, EV 104.4 MPH)
|
Batting: LHB Henry Huezo
|
0-0: Called Strike 0-1: Called Strike 0-2: Strikes out swinging
|
Batting: RHB Hikaru Nakata
|
0-0: Swinging Strike 0-1: Ball 1-1: Foul Ball, location: 2F 1-2: Fly out, F4 (Line Drive, 4, EV 73.8 MPH)
|
Bottom of the 5th over - 0 runs, 1 hit, 0 errors, 1 left on base; Amarillo 4 - Miami Beach 2 |
TOP OF THE 6TH |
Amarillo ThunderHeads batting - Pitching for Miami Beach Marlins : RHP Ryan Weedon
|
Batting: LHB Tony Cisneros
|
0-0: Ground out U3 (Groundball, 3, EV 103.1 MPH)
|
Batting: RHB Zhong See-to
|
0-0: Ball 1-0: Swinging Strike 1-1: Ground out 6-3 (Groundball, 6, EV 89.4 MPH)
|
Batting: RHB Bill Flannery
|
0-0: Fly out, F5 (Line Drive, 5, EV 65.6 MPH)
|
Top of the 6th over - 0 runs, 0 hits, 0 errors, 0 left on base; Amarillo 4 - Miami Beach 2 |
BOTTOM OF THE 6TH |
Miami Beach Marlins batting - Pitching for Amarillo ThunderHeads : RHP Al Nava
|
Batting: RHB Melvin Nava
|
0-0: Ball 1-0: Foul Ball, location: 2F 1-1: Foul Ball, location: 2F 1-2: Strikes out swinging
|
Batting: RHB Scott Talbot
|
0-0: Called Strike 0-1: Ground out 4-3 (Groundball, 4, EV 79.4 MPH)
|
Batting: RHB Mario Cota
|
0-0: Swinging Strike 0-1: Called Strike 0-2: Ball 1-2: Ball 2-2: Foul Ball, location: 2F 2-2: Foul Ball, location: 2F 2-2: Ball 3-2: Foul Ball, location: 2F 3-2: Foul Ball, location: 2F 3-2: Strikes out looking
|
Bottom of the 6th over - 0 runs, 0 hits, 0 errors, 0 left on base; Amarillo 4 - Miami Beach 2 |
TOP OF THE 7TH |
Amarillo ThunderHeads batting - Pitching for Miami Beach Marlins : RHP Ryan Weedon
|
Pitching: RHP Bill Padgett
|
|
Batting: SHB Tyler Romo
|
0-0: Called Strike 0-1: Foul Ball, location: 2F 0-2: Strikes out swinging
|
Batting: RHB Eric Juarez
|
0-0: SINGLE (Groundball, P, EV 83.8 MPH) (infield hit)
|
Batting: RHB Eric Camillo
|
0-0: Ball 1-0: Called Strike 1-1: Ball 2-1: Foul Ball, location: 2F 2-2: Foul Ball, location: 2F 2-2: Strikes out swinging
|
Batting: RHB Ray Travis
|
0-0: Foul Ball, location: 2F 0-1: Fielders Choice at 2nd, 6-4 (Groundball, 4M, EV 105.6 MPH)
|
Top of the 7th over - 0 runs, 1 hit, 0 errors, 1 left on base; Amarillo 4 - Miami Beach 2 |
BOTTOM OF THE 7TH |
Miami Beach Marlins batting - Pitching for Amarillo ThunderHeads : RHP Al Nava
|
Batting: SHB Emmet Brickowski
|
0-0: Foul Ball, location: 2F 0-1: Ball 1-1: Called Strike 1-2: Strikes out swinging
|
Batting: RHB Kazumi Inouye
|
0-0: Ball 1-0: SINGLE (Line Drive, 34, EV 98.8 MPH)
|
Batting: RHB Jim Smallwood
|
0-0: Called Strike 0-1: Called Strike 0-2: SINGLE (Groundball, 56S, EV 66.2 MPH) (infield hit) Kazumi Inouye to second
|
Batting: RHB Cody Leonard
|
0-0: Called Strike 0-1: Ball 1-1: Swinging Strike 1-2: Strikes out swinging
|
Pinch Hitting: LHB Freddy Monge
|
0-0: Called Strike 0-1: Foul Ball, location: 2F 0-2: Strikes out swinging
|
Bottom of the 7th over - 0 runs, 2 hits, 0 errors, 2 left on base; Amarillo 4 - Miami Beach 2 |
TOP OF THE 8TH |
Amarillo ThunderHeads batting - Pitching for Miami Beach Marlins : RHP Bill Padgett
|
Now in LF: Xin Zhang
|
|
Batting: RHB Josh Shoemaker
|
0-0: Ball 1-0: Ball 2-0: Called Strike 2-1: Ball 3-1: Base on Balls
|
Batting: RHB Shi-fu Cuan
|
0-0: Bunted foul 0-1: Sac Bunt to 3S - play at first, batter OUT! 3-4 Josh Shoemaker to second
|
Batting: LHB Tony Cisneros
|
0-0: Intentional Walk
|
Batting: RHB Mario Gomez
|
0-0: Ball 1-0: Foul Ball, location: 2F 1-1: Foul Ball, location: 2F 1-2: Ball 2-2: Ball 3-2: Fly out, F8 (Flyball, 8RXD, EV 95.6 MPH) Runner from 2nd tags up, SAFE at 3rd, no throw by CF
|
Batting: RHB Bill Flannery
|
0-0: Called Strike 0-1: Foul Ball, location: 2F 0-2: Strikes out looking
|
Top of the 8th over - 0 runs, 0 hits, 0 errors, 2 left on base; Amarillo 4 - Miami Beach 2 |
BOTTOM OF THE 8TH |
Miami Beach Marlins batting - Pitching for Amarillo ThunderHeads : RHP Al Nava
|
Batting: RHB Hikaru Nakata
|
0-0: Ball 1-0: Ball 2-0: Fly out, F7 (Flyball, 7D, EV 85.0 MPH)
|
Pitching: RHP Trent Murdock
|
|
Batting: RHB Melvin Nava
|
0-0: Ball 1-0: Ball 2-0: Fly out, F7 (Flyball, 78M, EV 91.9 MPH)
|
Batting: RHB Scott Talbot
|
0-0: Ball 1-0: Foul Ball, location: 2F 1-1: Ball 2-1: Ground out 4-3 (Groundball, 4, EV 78.1 MPH)
|
Bottom of the 8th over - 0 runs, 0 hits, 0 errors, 0 left on base; Amarillo 4 - Miami Beach 2 |
TOP OF THE 9TH |
Amarillo ThunderHeads batting - Pitching for Miami Beach Marlins : RHP Bill Padgett
|
Batting: SHB Tyler Romo
|
0-0: Ball 1-0: Ball 2-0: Called Strike 2-1: Ball 3-1: Base on Balls
|
Pitching: RHP Carlos Guerrero
|
|
Batting: RHB Eric Juarez
|
0-0: Called Strike 0-1: Foul Ball, location: 2F 0-2: SINGLE (Line Drive, 7LM, EV 106.9 MPH) Tyler Romo to second
|
Batting: RHB Eric Camillo
|
0-0: Swinging Strike 0-1: Swinging Strike 0-2: Foul Ball, location: 2F 0-2: Strikes out swinging
|
Batting: RHB Ray Travis
|
0-0: Foul Ball, location: 2F 0-1: Ball 1-1: Ball 2-1: Foul Ball, location: 2F 2-2: Foul Ball, location: 2F 2-2: SINGLE (Line Drive, 4M, EV 95.0 MPH) Tyler Romo to third Eric Juarez to second
|
Batting: RHB Josh Shoemaker
|
0-0: Ball 1-0: Ball 2-0: Called Strike 2-1: Swinging Strike 2-2: Ball 3-2: Strikes out looking
|
Batting: RHB Shi-fu Cuan
|
0-0: Foul Ball, location: 2F 0-1: Ball 1-1: Foul Ball, location: 2F 1-2: Strikes out swinging
|
Top of the 9th over - 0 runs, 2 hits, 0 errors, 3 left on base; Amarillo 4 - Miami Beach 2 |
BOTTOM OF THE 9TH |
Miami Beach Marlins batting - Pitching for Amarillo ThunderHeads : RHP Trent Murdock
|
Pitching: LHP Matt Hawk
|
|
Batting: RHB Mario Cota
|
0-0: Ball 1-0: Called Strike 1-1: Foul Ball, location: 2F 1-2: Strikes out swinging
|
Pinch Hitting: RHB Orlando Melendres
|
0-0: Called Strike 0-1: Called Strike 0-2: Strikes out looking
|
Batting: RHB Kazumi Inouye
|
0-0: Ball 1-0: Ground out 5-3 (Groundball, 5L, EV 85.6 MPH)
|
Bottom of the 9th over - 0 runs, 0 hits, 0 errors, 0 left on base; Amarillo 4 - Miami Beach 2 |
|